 Dungeon Crawl Stone Soup version 0.31.0-9-g3a7656b989 (webtiles) character file.

Game seed: 15745295750449540707

23598 Marvel the Nimble (level 12, -28/123 HPs)
             Began as a Troll Berserker on Feb 6, 2024.
             Was a Priest of Trog.
             Annihilated by Urug
             ... wielding a +3 eveningstar
              (34 damage)
             ... on level 12 of the Dungeon.
             The game lasted 00:18:21 (9516 turns).

Marvel the Nimble (Troll Berserker)                 Turns: 9516, Time: 00:18:21

Health: -28/123    AC:  8    Str: 39    XL:     12   Next: 73%
Magic:  11/11      EV: 16    Int:  3    God:    Trog [***...]
Gold:   242        SH:  0    Dex:  6    Spells: 11/11 levels left

rFire   + . .        k - +12 dagger of Zin, Usurping {flame, rElec rN+ Str+7 Dex-3}
rCold   x . .        (no shield)
rNeg    + . .        O - +0 troll leather armour
rPois   .            N - +1 hat
rElec   +            E - +0 cloak
rCorr   .            (gloves unavailable)
SInv    .            (boots unavailable)
Will    ++...        i - amulet of faith
Stlth   +            n - +5 ring of evasion
HPRegen 3.00/turn    p - ring of fire
MPRegen 0.12/turn

%: faith
@: silenced, strong-willed, regenerating, hasted, very quick
A: large, unfitting armour, claws 3, regeneration 1, shaggy fur 1, tough skin 1
a: Renounce Religion


You were on level 12 of the Dungeon.
You worshipped Trog.
Trog was most pleased with you.
You visited 1 branch of the dungeon, and saw 12 of its levels.
You also visited: Ossuary.

You collected 497 gold pieces.
You spent 255 gold pieces at shops.

Inventory:

Hand Weapons
 a - a +0 mace
 k - the +12 dagger of Zin, Usurping (weapon) {flame, rElec rN+ Str+7 Dex-3}
   (You found it on level 2 of the Dungeon)

   Str+7:     It affects your strength (+7).
   Dex-3:     It affects your dexterity (-3).
   rElec:     It insulates you from electricity.
   rN+:       It protects you from negative energy.
 K - a +7 antimagic giant spiked club
 U - a +4 quick blade of venom
Armour
 b - a +0 animal skin
 t - the +5 robe of Misfortune {Harm *Corrode *Slow EV+5}
   (You found it on level 4 of the Dungeon)

   EV+5:      It affects your evasion (+5).
   *Corrode:  It may corrode you when you take damage.
   *Slow:     It may slow you when you take damage.
   Harm:      It increases damage dealt and taken.
 E - a +0 cloak (worn)
 N - a +1 hat (worn)
 O - a +0 troll leather armour (worn)
Jewellery
 i - an amulet of faith (around neck)
 n - a +5 ring of evasion (left claw)
 p - a ring of fire (right claw)
 A - a ring of magical power
 M - a +6 ring of dexterity
Talismans
 r - a blade talisman
 v - a maw talisman
Wands
 o - a wand of flame (22)
 y - a wand of iceblast (13)
 I - a wand of acid (2)
 J - a wand of polymorph (2)
 R - a wand of paralysis (12)
Scrolls
 e - 7 scrolls of identify {unknown}
 g - a scroll of revelation {unknown}
 h - 3 scrolls of noise {unknown}
 j - 4 scrolls of vulnerability {unknown}
 m - 2 scrolls of acquirement {unknown}
 q - 2 scrolls of amnesia {unknown}
 s - a scroll of poison {unknown}
 u - 3 scrolls of teleportation {unknown}
 w - a scroll of fog {unknown}
 z - a scroll of enchant armour {unknown}
 F - 2 scrolls of fear {unknown}
 S - a scroll of immolation {unknown}
 T - a scroll of enchant weapon {unknown}
Potions
 c - 3 potions of lignification {unknown}
 d - 14 potions of curing
 f - 3 potions of berserk rage {unknown}
 l - 5 potions of mutation {unknown}
 x - 4 potions of heal wounds {unknown}
 B - a potion of degeneration {unknown}
 C - 5 potions of might
 D - 3 potions of haste
 H - a potion of attraction {unknown}
 L - a potion of enlightenment {unknown}
 P - a potion of ambrosia {unknown}
 Q - 2 potions of magic {unknown}


   Skills:
 + Level 9.0 Fighting
 + Level 9.8 Short Blades
 - Level 4.7 Maces & Flails
 + Level 1.3 Throwing
 + Level 6.1 Armour
 + Level 10.0 Dodging
 + Level 3.2 Stealth


You had 11 spell levels left.
You didn't know any spells.
Your spell library was empty.

Dungeon Overview and Level Annotations

Branches:
Dungeon (12/15)            Temple (0/1) D:6            Lair (0/5) D:11
    Orc (0/2) D:12        Ossuary (visited)

Altars:
Dithmenos
Fedhas
Hepliaklqana
Makhleb
Nemelex Xobeh
Qazlal
Sif Muna
Trog
Uskayaw
Vehumet
Wu Jian
The Shining One

Shops:
D:2 (   D:4 :   D:6 [!?(*   D:7 !

Annotations:
D:12 Urug


Innate Abilities, Weirdness & Mutations

You are too large for most types of armour.
You have claws for hands.
Your natural rate of healing is unusually fast.
You are covered in fur. (AC +1)
You have tough skin. (AC +1)


Message History

You hit the boulder beetle but do no damage.
The boulder beetle is almost dead.
Your skin crawls.
You feel strong-willed.
Your ogre hits the boulder beetle with a +0 giant club!
The boulder beetle bites you!
Urug hits your ogre with a +3 eveningstar!
The slime creature barely misses you. The yak gores you!
You hit the boulder beetle but do no damage.
The boulder beetle is almost dead.
Your ogre barely misses Urug.
The boulder beetle barely misses you.
Urug hits your ogre with a +3 eveningstar!!
Your ogre dies!
Your ogre's corpse disappears in a puff of smoke!
The slime creature barely misses you. The yak closely misses you.
Okay, then.
The boulder beetle closely misses you.
The slime creature attacks as it pursues you!
The slime creature misses you. Urug hits you with a +3 eveningstar!!
* * * LOW HITPOINT WARNING * * *
The yak gores you but does no damage.
Okay, then.
As you read the scroll labelled UDOUJI BUGUYD, it crumbles to dust.
It is a scroll of brand weapon.
Your +4 heavy quick blade drips with poison.
U - a +4 quick blade of venom Urug hits you with a +3 eveningstar!!
* * * LOW HITPOINT WARNING * * *
The boulder beetle waves its antennae.
The boulder beetle leaps!
The yak gores you!
* * * LOW HITPOINT WARNING * * *
The slime creature completely misses you.
Okay, then.
As you read the scroll labelled QOTOMEG RUOLU, it crumbles to dust.
A profound silence engulfs you.
It was a scroll of silence.
Urug misses you. The yak barely misses you. The slime creature hits you!
* * * LOW HITPOINT WARNING * * *
Magic scrolls do not work when you're silenced!
You feel yourself speed up. Urug hits you with a +3 eveningstar!!
You die...

###........#
#.........##
#.#.....###
#.#....#####
#.##.......#
##.#<...........
##...[########...
### #..#.o°..# .
.. #....B@J.#
☼### #....#.YJ#
###)...
.....####)#
####h○.K..
#....#####Y#
#.E○☼#####
#.##.....#†##
##E#### #.
#####..gg###<.#.
.......W.○○....[#
######.#)#○.#####
#...†.##


You could see a boulder beetle (unsilenced), Urug, a large slime creature, a
slime creature and 2 yaks.

Vanquished Creatures
  Pikel (D:5)
  An orc knight (D:11)
  An ugly thing (D:11)
  Joseph (D:8)
  A komodo dragon (D:11)
  4 trolls
  Sigmund (D:2)
  A shadow (D:9)
  A wyvern (D:9)
  2 wraiths
  22 yaks
  A basilisk (D:11)
  5 slime creatures
  2 fire elementals (D:12)
  2 steam dragons
  2 water moccasins
  Duvessa (D:6)
  5 orc warriors
  An ice beast (D:6)
  4 black bears
  3 sky beasts (D:7)
  6 ogres
  A wolf (D:11)
  5 centaurs
  2 kobold brigands
  4 bullfrogs
  2 gnoll sergeants
  15 wights
  Dowan (D:6)
  3 killer bees (D:11)
  2 howler monkeys
  A bombardier beetle (D:3)
  An electric eel (D:11)
  Crazy Yiuf (D:6)
  6 hounds
  A gnoll bouda (D:5)
  9 orc priests
  6 orc wizards
  A sleepcap (D:6)
  Natasha (thrice) (D:3)
  2 iguanas
  A mummy (Ossuary)
  Robin (D:2)
  17 gnolls
  9 adders
  A shadow imp (D:5)
  2 white imps
  4 ufetubi (D:6)
  2 dart slugs
  2 ribbon worms (D:2)
  54 orcs
  11 endoplasms
  10 giant cockroaches
  14 hobgoblins
  9 jackals
  12 kobolds
  2 quokkas
  10 ball pythons
  6 bats
  8 frilled lizards
  7 gnoll skeletons (Ossuary)
  17 goblins
  A goblin zombie (D:7)
  3 kobold skeletons (Ossuary)
  10 orc skeletons (Ossuary)
  8 rats
  A rat zombie (D:7)
356 creatures vanquished.

Vanquished Creatures (collateral kills)
  Azrael (D:12)
  2 hydras (D:11)
  4 boulder beetles
  3 centaur warriors (D:11)
  A skeletal warrior (D:11)
  3 ugly things (D:11)
  A manticore (D:11)
  A rust devil (D:10)
  2 kobold demonologists (D:12)
  A shadow (D:11)
  3 yaks (D:12)
  A steam dragon (D:10)
  A fire elemental (D:12)
  A hell hound (D:12)
  2 wolves (D:11)
  A burial acolyte (Ossuary)
  A killer bee (D:11)
  3 howler monkeys (D:11)
  2 electric eels (D:11)
  3 hounds (D:11)
  A kobold (D:10)
38 creatures vanquished.

Vanquished Creatures (others)
  A slime creature (D:12)
  A kobold (D:12)
2 creatures vanquished.

Grand Total: 396 creatures vanquished

Notes
Turn   | Place    | Note
-------+----------+-------------------------------------------
     0 | D:1      | Marvel the Troll Berserker began the quest for the Orb.
     0 | D:1      | Reached XP level 1. HP: 22/22 MP: 0/0
   369 | D:1      | Reached XP level 2. HP: 25/29 MP: 1/1
   505 | D:1      | Reached XP level 3. HP: 36/36 MP: 2/2
   785 | D:1      | Reached ** piety under Trog
  1138 | D:2      | Identified the +12 dagger of Zin, Usurping {flame, rElec
                  | rN+ Str+7 Dex-3}
  1293 | D:2      | Reached skill level 3 in Dodging
  1293 | D:2      | Reached XP level 4. HP: 44/44 MP: 3/3
  1707 | D:2      | Found a stormy altar of Qazlal.
  1752 | D:2      | Found Orajid's Weapon Shoppe.
  1804 | D:2      | Noticed Sigmund
  1810 | D:2      | Killed Sigmund
  1811 | D:2      | Reached XP level 5. HP: 34/53 MP: 4/4
  1937 | D:2      | Noticed Robin
  1939 | D:2      | Reached XP level 6. HP: 61/61 MP: 5/5
  1953 | D:2      | Killed Robin
  2039 | D:2      | Reached *** piety under Trog
  2119 | D:2      | Found a faded altar of an unknown god.
  2229 | D:3      | Reached skill level 1 in Short Blades
  2309 | D:3      | Reached skill level 1 in Stealth
  2330 | D:3      | Noticed Natasha
  2337 | D:3      | Killed Natasha
  2361 | D:3      | Noticed Natasha
  2377 | D:3      | Killed Natasha
  2444 | D:3      | Noticed Natasha
  2450 | D:3      | Killed Natasha
  2515 | D:3      | Reached XP level 7. HP: 50/67 MP: 6/6
  2903 | D:4      | Found the +5 robe of Misfortune {Harm *Corrode *Slow EV+5}
  2975 | D:4      | Reached **** piety under Trog
  2986 | D:4      | Reached skill level 4 in Dodging
  3012 | D:4      | Found a shadowy altar of Dithmenos.
  3155 | D:4      | Found a glowing golden altar of the Shining One.
  3194 | D:4      | Found Kusuejos's Self-Improvement Boutique.
  3208 | D:4      | Found a bloodstained altar of Trog.
  3380 | D:5      | Entered Level 5 of the Dungeon
  3419 | D:5      | Reached XP level 8. HP: 69/78 MP: 7/7
  3607 | D:5      | Reached ***** piety under Trog
  3664 | D:5      | Noticed Pikel
  3672 | D:5      | Killed Pikel
  3673 | D:5      | Reached skill level 5 in Short Blades
  3673 | D:5      | Reached skill level 5 in Dodging
  4295 | D:6      | Noticed Duvessa
  4295 | D:6      | Noticed Dowan
  4297 | D:6      | Killed Dowan
  4306 | D:6      | Killed Duvessa
  4307 | D:6      | Reached XP level 9. HP: 41/87 MP: 8/8
  4391 | D:6      | Reached skill level 5 in Fighting
  4456 | D:6      | Found an ornate altar of the Wu Jian Council.
  4460 | D:6      | Found Qalun's Assorted Antiques.
  4488 | D:6      | Found a staircase to the Ecumenical Temple.
  4496 | D:6      | Reached skill level 6 in Dodging
  4727 | D:6      | Found Feumipru's Distillery.
  4743 | D:6      | Bought a potion of haste for 150 gold pieces
  4743 | D:6      | Bought a potion of curing for 45 gold pieces
  4743 | D:6      | Bought a potion of might for 60 gold pieces
  4794 | D:6      | Found Nurinypt's Armour Shop.
  4814 | D:6      | Found Kuskext's Magic Scroll Emporium.
  4996 | D:6      | Found Roff's Weapon Boutique.
  5084 | D:6      | Found a runed translucent door.
  5085 | D:6      | Noticed Crazy Yiuf
  5093 | D:6      | Killed Crazy Yiuf
  5168 | D:7      | Found a radiant altar of Vehumet.
  5370 | D:7      | Found a sand-covered staircase.
  5377 | Ossuary  | Entered an ossuary
  5754 | D:7      | Found Ycuubop's Distillery.
  5900 | D:7      | Reached XP level 10. HP: 71/98 MP: 9/9
  5907 | D:7      | Reached skill level 7 in Dodging
  6382 | D:7      | Received a gift from Trog
  6408 | D:8      | Noticed Joseph
  6421 | D:8      | Killed Joseph
  6450 | D:8      | Identified the +0 quarterstaff "Rinwoumu" {elec, rC++ rCorr
                  | Str+2 Stlth-}
  7253 | D:9      | Found a shimmering blue altar of Sif Muna.
  7433 | D:9      | Reached skill level 8 in Dodging
  7486 | D:9      | Found a blossoming altar of Fedhas.
  7591 | D:9      | Reached XP level 11. HP: 77/109 MP: 10/10
  8081 | D:9      | Reached ****** piety under Trog
  8082 | D:9      | Reached skill level 1 in Armour
  8113 | D:10     | Entered Level 10 of the Dungeon
  8136 | D:10     | Received a gift from Trog
  8155 | D:10     | Found a hazy altar of Hepliaklqana.
  8237 | D:10     | Found a burning altar of Makhleb.
  8421 | D:10     | Found a sparkling altar of Nemelex Xobeh.
  8499 | D:10     | Found a hide-covered altar of Uskayaw.
  8710 | D:11     | Noticed a boulder beetle
  8713 | D:11     | Noticed a white ugly thing
  8731 | D:11     | Killed a white ugly thing
  8736 | D:11     | Killed a boulder beetle
  8774 | D:11     | Noticed a green ugly thing
  8774 | D:11     | Noticed a five-headed hydra
  8774 | D:11     | Noticed an orc knight
  8774 | D:11     | Noticed a boulder beetle
  8774 | D:11     | Noticed a red ugly thing
  8774 | D:11     | Noticed a white ugly thing
  8774 | D:11     | Noticed a centaur warrior
  8774 | D:11     | Noticed a centaur warrior
  8775 | D:11     | Noticed a skeletal warrior
  8778 | D:11     | Killed a green ugly thing
  8780 | D:11     | Killed a centaur warrior
  8783 | D:11     | Killed a centaur warrior
  8786 | D:11     | Killed an orc knight
  8788 | D:11     | Killed a six-headed hydra
  8789 | D:11     | Noticed a centaur warrior
  8791 | D:11     | Killed a centaur warrior
  8792 | D:11     | Reached skill level 9 in Dodging
  8792 | D:11     | Reached XP level 12. HP: 75/120 MP: 11/11
  8799 | D:11     | Noticed a four-headed hydra
  8802 | D:11     | Killed a five-headed hydra
  8803 | D:11     | Reached skill level 5 in Armour
  8811 | D:11     | Killed a boulder beetle
  8998 | D:11     | Noticed a boulder beetle
  8999 | D:11     | Found a staircase to the Lair.
  9023 | D:11     | Killed a boulder beetle
  9305 | D:12     | Noticed a boulder beetle
  9324 | D:12     | Killed a boulder beetle
  9330 | D:12     | Reached skill level 1 in Throwing
  9334 | D:12     | Noticed Azrael
  9355 | D:12     | Killed Azrael
  9454 | D:12     | Found a staircase to the Orcish Mines.
  9490 | D:12     | Reached skill level 10 in Dodging
  9490 | D:12     | Noticed a boulder beetle
  9505 | D:12     | Noticed Urug
  9515 | D:12     | HP: 3/123 [slime creature (7)]
  9516 | D:12     | Annihilated by Urug

Illustrated notes

Levels and vault maps discovered:
D:1:      evilmike_arrival_rings, layout_basic, dk_noncrumbling_4,
          minmay_indecisive_spiral
D:2:      minmay_chambers_of_twos, layout_loops_corners, basic_altar,
          serial_shops, shop, hellmonk_ecumenical_altar_heavens_door,
          minmay_hexomino_c4, uniq_sigmund, uniq_robin
D:3:      layout_loops_cross, hangedman_decor_push, hex_large, st_stairs_10,
          uniq_natasha
D:4:      layout_rooms, bloody_trog, tso_altar, grunt_dithmenos_smoke,
          nicolae_shop_self_help
D:5:      layout_basic, uniq_pikel
D:6:      layout_cave_pools, mainiacjoe_overflow_chevrons,
          minmay_temple_entry_mini_moons, serial_shops, shop,
          nicolae_shop_behind_doors, nicolae_lakefront_shop,
          nicolae_take_the_stairs, shop, hangedman_decor_growths,
          uniq_crazy_yiuf_cottage, uniq_duvessa
D:7:      layout_loops_ring, kennysheep_mini_moat, enter_ossuary_4,
          serial_shops, nicolae_shop_waterfront, kennysheep_pointless_box
D:8:      layout_basic, special_room [special_room_orc], uniq_joseph
D:9:      layout_long_grid, mainiacjoe_overflow_small_starburst,
          mainiacjoe_overflow_brackets
D:10:     layout_roguey, demons_altar, eat_drink_and_be_merry_uskayaw,
          lemuel_doored_altar, nemelex_xobeh_ov_fountains_minmay
D:11:     layout_rooms, erik_lair_island, minmay_misc_feat_alley, minivault_28
D:12:     layout_rooms, orc_0_dummy, dreamdust_princess_corridor,
          lemuel_flamethrower_3, uniq_urug, uniq_azrael

Skill      XL: |  1  2  3  4  5  6  7  8  9 10 11 12 |
---------------+-------------------------------------+-----
Maces & Flails | 3 4 |  4.7
Dodging        | 3 4 5 6 8 9 10 | 10.0
Fighting       | 3 4 6 7 8 9 |  9.0
Short Blades   | 2 3 5 6 8 9 |  9.8
Stealth        | 1 2 3 |  3.2
Armour         | 4 6 |  6.1
Throwing       | 1 |  1.3

Action                     |  1- 3 |  4- 6 |  7- 9 | 10-12 || total
---------------------------+-------+-------+-------+-------++-------
  Melee: Mace              |   120 |    54 |       |       ||   174
         Punch             |     2 |     1 |     4 |     8 ||    15
         Dagger            |       |   107 |   366 |   671 ||  1144
  Throw: Dart              |       |       |       |     6 ||     6
 Invoke: Berserk           |       |       |     2 |     6 ||     8
         Trog's Hand       |       |       |     1 |     5 ||     6
         Brothers in Arms  |       |       |     1 |    11 ||    12
    Use: Scroll            |       |       |       |     2 ||     2
         Potion            |       |       |       |     1 ||     1
   Stab: Sleeping          |     2 |       |     1 |     1 ||     4
 Armour: Animal skin       |    83 |    94 |   169 |    95 ||   441
         Troll leather arm |       |       |       |   193 ||   193
  Dodge: Dodged            |    88 |    95 |   231 |   355 ||   769
